 Dungeon Crawl Stone Soup version 0.30-a0-121-gb27577e5d9 (webtiles) character file.

Game seed: 7030841102310443412

90 NinjaNoafa the Sneak (level 4, -5/24 HPs)
             Began as a Kobold Enchanter on Sept 14, 2022.
             Slain by an orc priest
             ... wielding a +0 war axe
              (9 damage)
             ... on level 3 of the Dungeon.
             The game lasted 00:03:55 (3211 turns).

NinjaNoafa the Sneak (Kobold Enchanter)             Turns: 3211, Time: 00:03:55

Health: -5/24      AC:  3    Str:  5    XL:     4   Next: 85%
Magic:  8/8        EV: 15    Int: 18    God:
Gold:   176        SH:  0    Dex: 15    Spells: 8/8 levels left

rFire   . . .      SeeInvis .    a - +1 dagger (freeze)
rCold   . . .      Faith    .    (no shield)
rNeg    . . .      Spirit   .    b - +0 robe
rPois   .          Reflect  .    (no helmet)
rElec   .          Harm     .    o - scarf {shadows}
rCorr   .          Rampage  .    (no gloves)
Will    .....                    h - +0 pair of boots
Stlth   ++++......               (no amulet)
HPRegen 0.08/turn                (no ring)
MPRegen 0.11/turn                (no ring)

@: no status effects
A: small, no large weapons, nightstalker 3
a: no special abilities


You were on level 3 of the Dungeon.
You visited 1 branch of the dungeon, and saw 3 of its levels.

You collected 176 gold pieces.

Inventory:

Hand Weapons
 a - a +1 dagger of freezing (weapon)
 q - a +0 sling of flaming
Missiles
 f - 31 stones (quivered)
 i - 5 poisoned darts
 t - a silver boomerang
Armour
 b - a +0 robe (worn)
 h - a +0 pair of boots (worn)
 o - a scarf of shadows (worn)
Jewellery
 g - a ring of fire
 j - a ring of positive energy
Wands
 v - a wand of mindburst (20)
Scrolls
 k - a scroll of teleportation
 l - a scroll of brand weapon
 m - 3 scrolls of identify {unknown}
 u - a scroll of immolation {unknown}
Potions
 c - 2 potions of invisibility
 d - a potion of curing {unknown}
 e - 3 potions of mutation {unknown}
 n - a potion of flight {unknown}
 p - 2 potions of haste {unknown}
 r - 2 potions of heal wounds {unknown}
 s - a potion of berserk rage {unknown}


   Skills:
 - Level 3.0 Short Blades
 - Level 3.0 Dodging
 + Level 4.7 Stealth
 + Level 2.8 Spellcasting
 + Level 3.7 Hexes


You had 8 spell levels left.
You didn't know any spells.
Your spell library contained the following spells:

 Spells                   Type           Power      Damage    Failure   Level
 Confusing Touch          Hex            15%        N/A       11%         3
 Tukima's Dance           Hex            15%        N/A       11%         3
 Ensorcelled Hibernation  Hex/Ice        18%        N/A       12%         2
 Dazzling Flash           Conj/Hex       18%        N/A       24%         3
 Cigotuvi's Dreadful Rot  Necr/Pois/Air  4%         N/A       26%         2
 Poisonous Vapours        Pois/Air       4%         N/A       26%         2
 Stone Arrow              Conj/Erth      4%         3d7       45%         3
 Animate Armour           Summ/Erth      4%         N/A       86%         4
 Petrify                  Tmut/Erth      2%         N/A       86%         4
 Metabolic Englaciation   Hex/Ice        4%         N/A       91%         5
 Statue Form              Tmut/Erth      1%         N/A       100%        6
 Lehudib's Crystal Spear  Conj/Erth      1%         10d2      100%        8


Dungeon Overview and Level Annotations

Branches:
Dungeon (3/15)

Altars:


Innate Abilities, Weirdness & Mutations

You are small and have problems with some larger weapons.
You are completely attuned to the shadows.


Message History

You hit the hobgoblin. You freeze the hobgoblin.
You kill the hobgoblin!
f - 31 stones (gained 6)
You see here a hobgoblin corpse.
Found a rapier.
An orc priest comes into view. It is wielding a +0 war axe.
Found 5 gold pieces.
The orc priest shouts!
You hear a shout!
The orc priest miscasts a cantrip.
The orc priest barely misses you.
You closely miss the orc priest. You hit the orc priest.
You freeze the orc priest.
The orc priest is moderately wounded.
The orc priest mumbles some strange prayers to Beogh against you.
You barely resist.
You hit the orc priest but do no damage.
The orc priest is moderately wounded.
The orc priest barely misses you.
You closely miss the orc priest.
The orc priest is moderately wounded.
The orc priest hits you with a +0 war axe.
A kobold comes into view. It is wielding a +0 short sword.
You hit the orc priest. You freeze the orc priest.
The orc priest is heavily wounded.
The orc priest barely misses you.
You hit the orc priest. You freeze the orc priest.
The orc priest is heavily wounded.
You hit the orc priest but do no damage.
The orc priest is heavily wounded.
The orc priest invokes the aid of Beogh against you.
Beogh smites you!
Ouch! That really hurt!
* * * LOW HITPOINT WARNING * * *
You closely miss the orc priest.
The orc priest is heavily wounded.
The orc priest closely misses you. The kobold barely misses you.
You hit the orc priest. You freeze the orc priest.
The orc priest is almost dead.
The orc priest hits you with a +0 war axe!
You die...

##..).[..)......
.'..............
.#..............
.#..............
.#.............
'#..............##..
....................
................Ko..
................@...
......#.............
..................$.
....#...............
....#..............
....#..........
....#..........
)...+..........
....#.......#..


You could see an orc priest and a kobold.

Vanquished Creatures
  An orc priest (D:3)
  4 dart slugs
  5 orcs (D:3)
  A ball python (D:1)
  An endoplasm (D:2)
  2 giant cockroaches
  A goblin (D:1)
  10 hobgoblins
  4 jackals
  5 quokkas
  A bat (D:1)
  3 frilled lizards
  3 rats
41 creatures vanquished.

Notes
Turn   | Place    | Note
-------+----------+-------------------------------------------
     0 | D:1      | NinjaNoafa the Kobold Enchanter began the quest for the
                  | Orb.
     0 | D:1      | Reached XP level 1. HP: 10/10 MP: 3/3
    82 | D:1      | Reached XP level 2. HP: 15/15 MP: 5/5
   618 | D:1      | Reached XP level 3. HP: 9/19 MP: 6/6
  2625 | D:3      | Reached XP level 4. HP: 24/24 MP: 6/8
  3211 | D:3      | Slain by an orc priest

Illustrated notes

Levels and vault maps discovered:
D:1:      dpeg_arrival_concentric_ovals, layout_basic
D:2:      layout_loops_corners
D:3:      layout_basic, nicolae_overflow_ecumenical_swirl

Skill      XL: |  1  2  3  4 |
---------------+-------------+-----
Short Blades   | 2 3 |  3.0
Dodging        | 3 |  3.0
Stealth        | |  4.7
Spellcasting   | |  2.8
Hexes          | |  3.7

Action                   |  1- 3 |  4- 6 || total
-------------------------+-------+-------++-------
Melee: Dagger            |   102 |    60 ||   162
  Use: Scroll            |       |     3 ||     3
 Stab: Sleeping          |    12 |     1 ||    13
       Distracted        |       |     1 ||     1
Armor: Robe              |    16 |     6 ||    22
Dodge: Dodged            |    61 |    55 ||   116

Table legend: (Time is in decaauts)
 A = Elapsed time spent in this place.
 B = Non-inter-level travel time spent in this place.
 C = Inter-level travel time spent in this place.
 D = Time resting spent in this place.
 E = Time spent auto-exploring this place.
 F = Levels seen in this place.
 G = Mean time per level.
                   A        B        C        D        E       F      G
               +--------+--------+--------+--------+--------+-----+--------+
         Total |   3189 |   3051 |    138 |      0 |   2647 |   3 | 1063.0 |
       Dungeon |   3189 |   3051 |    138 |      0 |   2647 |   3 | 1063.0 |
               +--------+--------+--------+--------+--------+-----+--------+

Top non-repeatable levels by time:
     D:2: 1352 daAuts
     D:1: 1258 daAuts
     D:3: 578 daAuts
